Map: Kairos Junction LE

Players

Schmeet

  • Race: Zerg Zerg
  • League: Master
  • Spawn Location: 11:00

mogwai - Winner!

  • Race: Zerg Zerg
  • League: Platinum
  • Spawn Location: 5:00

VOD

Have the link to the VOD?

Description

Time

  • Played on: Feb. 6, 2019, 12:29 p.m.
  • Length: 11:57
Show
View Real Time Build Order
Export as new Build Order

Schmeet Zerg 

Build Orders: Hatch First, Roach Hydra 

Get SALT Encoding   

  12  0:00  Drone  
  13  0:12  Overlord  
  13  0:17  Drone  
  14  0:30  Drone  
  14  0:31  Drone  
  16  0:51  Hatchery  
  16  0:53  Drone  
  17  0:57  Drone  
  17  1:02  Drone  
  17  1:04  Extractor  
  17  1:17  Spawning Pool  
  16  1:24  Drone x2  
  18  1:28  Drone  
  19  1:39  Drone  
  20  1:49  Drone  
  21  2:04  Queen x2, Metabolic Boost  
  25  2:10  Overlord  
  25  2:16  Zergling x2  
  25  2:17  Zergling x2  
  25  2:19  Drone  
  28  2:25  Baneling Nest  
  28  2:29  Drone  
  28  2:31  Drone  
  28  2:36  Drone  
  30  2:54  Hatchery  
  29  3:00  Zergling x4  
  29  3:01  Zergling x2  
  32  3:12  Zergling x8  
  36  3:35  Overlord  
  36  3:36  Overlord x2  
  36  3:53  Queen  
  36  3:54  Drone x2  
  36  3:55  Drone x3  
  43  3:58  Extractor, Drone  
  43  4:02  Drone x2  
  45  4:16  Drone  
  45  4:17  Drone x5  
  48  4:23  Roach Warren  
  50  4:27  Evolution Chamber  
  50  4:31  Evolution Chamber  
  48  4:40  Drone x4  
  48  4:43  Overlord  
  52  4:54  Drone x5  
  52  4:55  Drone  
  52  4:58  Extractor  
  52  4:59  Extractor  
  56  5:01  Zerg Missile Weapons Level 1  
  56  5:07  Zerg Ground Armor Level 1  
  56  5:13  Lair  
  56  5:17  Drone x2  
  56  5:18  Drone  
  59  5:22  Drone x2  
  60  5:36  Overlord x2  
  60  5:38  Roach x4  
  68  5:44  Drone x4  
  68  5:46  Drone  
  73  6:00  Overlord  
  73  6:01  Drone x4  
  73  6:02  Roach x3  
  83  6:09  Drone x4  
  87  6:12  Baneling x2  
  87  6:13  Glial Reconstitution  
  87  6:16  Centrifical Hooks  
  87  6:23  Hydralisk Den, Drone  
  87  6:24  Drone  
  87  6:25  Drone  
  89  6:27  Extractor  
  89  6:29  Extractor, Drone x2  
  89  6:30  Drone  
  89  6:31  Drone  
  89  6:32  Drone  
  92  6:33  Drone  
  92  6:38  Roach x2  
  96  7:03  Overlord x6  
  96  7:07  Hatchery  
  95  7:21  Roach x6  
  95  7:22  Roach x2  
  110  7:35  Baneling  
  110  7:36  Baneling x2  
  110  7:37  Zerg Missile Weapons Level 2, Zerg Ground Armor Level 2  
  110  7:41  Grooved Spines  
  110  7:44  Infestation Pit  
  110  7:46  Extractor x2  
  110  7:47  Hydralisk x7  
  121  7:55  Drone x2  
  123  8:04  Zergling x14  
  130  8:14  Tunneling Claws  
  130  8:17  Zergling x2  
  130  8:18  Zergling x4  
  125  8:49  Zergling x2  
  125  8:50  Zergling x28  
  125  8:53  Muscular Augments  
  140  9:13  Hatchery  
  140  9:17  Zergling x2  
  139  9:29  Hydralisk x5, Zergling x2  
  139  9:30  Hydralisk, Zergling x8  
  130  9:47  Hatchery  
  130  9:51  Hydralisk  
  130  9:52  Zergling x2  
  110  10:17  Hydralisk  
  110  10:18  Hydralisk x3, Roach x3  
  110  10:19  Roach  
  94  10:27  Hydralisk x2, Roach  
  100  10:33  Hive  
  100  10:36  Queen  
  94  10:50  Hydralisk  
  94  10:51  Hydralisk x2, Zergling x6  
  80  10:59  Hydralisk x2  
  80  11:00  Roach  
  64  11:12  Hydralisk x5  
  64  11:13  Hydralisk  
  75  11:23  Hydralisk x2  
  75  11:31  Hydralisk x2  
Show
View Real Time Build Order
Export as new Build Order

mogwai Zerg - Winner!

Build Orders: Hatch First, Roach Hydra 

Get SALT Encoding   

  12  0:01  Drone  
  13  0:12  Overlord  
  13  0:19  Drone  
  14  0:31  Drone x2  
  16  0:39  Drone  
  17  0:53  Hatchery  
  17  0:57  Extractor  
  15  0:59  Drone  
  16  1:18  Spawning Pool, Drone  
  17  1:24  Drone  
  17  1:25  Drone  
  18  1:31  Drone  
  19  1:40  Overlord  
  19  2:05  Zergling x4  
  19  2:07  Queen, Zergling x2  
  24  2:09  Queen  
  24  2:12  Drone  
  27  2:18  Drone  
  28  2:24  Drone  
  30  2:30  Drone  
  30  2:33  Drone  
  31  2:39  Drone  
  32  3:00  Metabolic Boost  
  32  3:02  Lair, Drone x2  
  34  3:09  Drone x2  
  36  3:18  Roach Warren  
  35  3:20  Extractor, Queen  
  36  3:34  Overlord x3  
  36  3:40  Evolution Chamber, Drone  
  36  3:44  Evolution Chamber, Drone  
  36  3:48  Overlord  
  36  3:53  Drone x2  
  36  3:54  Drone x2  
  40  4:03  Glial Reconstitution  
  40  4:07  Zerg Missile Weapons Level 1  
  40  4:08  Drone  
  41  4:11  Drone  
  41  4:12  Drone  
  41  4:15  Extractor  
  41  4:17  Drone x2  
  44  4:24  Drone  
  44  4:25  Drone x2  
  47  4:31  Zerg Ground Armor Level 1  
  47  4:34  Drone  
  47  4:35  Drone  
  48  4:43  Roach x3  
  54  4:46  Drone  
  54  4:48  Drone  
  54  4:51  Hydralisk Den  
  55  5:05  Drone x2  
  55  5:07  Hatchery  
  56  5:20  Roach x5  
  66  5:28  Overlord x2  
  66  5:30  Drone  
  66  5:33  Muscular Augments  
  67  5:45  Overlord  
  67  6:08  Extractor, Drone x2  
  67  6:09  Drone x7  
  67  6:10  Drone  
  76  6:12  Zerg Missile Weapons Level 2  
  76  6:27  Drone x2  
  76  6:28  Drone x4  
  82  6:38  Roach x4  
  82  6:39  Roach  
  92  6:45  Grooved Spines  
  92  6:48  Drone x4  
  92  6:49  Drone  
  92  6:52  Overlord x2  
  92  6:53  Extractor  
  96  6:55  Extractor  
  96  6:56  Zerg Ground Armor Level 2  
  95  7:05  Overseer x3  
  95  7:15  Queen  
  95  7:20  Drone  
  95  7:21  Drone x2  
  98  7:26  Hydralisk  
  98  7:27  Hydralisk x6  
  112  7:31  Overlord x4  
  111  7:50  Hydralisk x5  
  111  7:51  Hydralisk x3  
  126  7:59  Hatchery  
  125  8:06  Pneumatized Carapace  
  125  8:09  Drone x2, Hydralisk x2  
  125  8:10  Hydralisk x4  
  129  8:43  Hydralisk x4  
  129  8:48  Overlord x4  
  133  9:14  Roach x13  
  133  9:15  Queen, Roach x2  
  133  9:45  Roach x2  
  137  9:46  Roach x3  
  137  9:47  Overlord x3  
  137  9:48  Overlord  
  133  10:14  Overlord x4  
  133  10:15  Overlord x2  
  129  10:29  Queen  
  131  10:39  Infestation Pit  
  130  10:47  Hatchery  
  113  11:00  Roach  
  113  11:02  Roach x10  
  113  11:03  Roach x10  
  141  11:28  Hydralisk x6, Roach  
Tags
 
Add a new tag
Caveats
  • Supply blocks, unpowered buildings, or Contaminate may cause inaccurate times.
  • Supply counts are checked every 10 seconds.